 Seeded DCSS version 0.27.1-2-g3b301248ec (webtiles) character file.

Game seed: 6258058316398713103 (custom seed)

8 a11behringer the Charlatan (level 1, 0/15 HPs)
             Began as a Demigod Artificer on Sept 23, 2021.
             Slain by a kobold (5 damage)
             ... on level 1 of the Dungeon.
             The game lasted 00:02:31 (416 turns).

a11behringer the Charlatan (Demigod Artificer)       Turns: 416, Time: 00:02:32

Health: 0/15       AC:  3    Str: 13    XL:     1   Next: 80%
Magic:  3/3        EV: 11    Int: 13    God:
Gold:   22         SH:  0    Dex: 14    Spells: 0/0 levels left

rFire    . . .     SeeInvis .   f - +0 mace
rCold    . . .     Faith    .   (no shield)
rNeg     . . .     Spirit   .   b - +0 leather armour
rPois    .         Reflect  .   (no helmet)
rElec    .         Harm     .   (no cloak)
rCorr    +         Rampage  .   (no gloves)
Will     .....                  (no boots)
Stlth    +.........             (no amulet)
HPRegen  0.05/turn              h - ring of resist corrosion
MPRegen  0.08/turn              (no ring)

@: no status effects
A: high mp 1, forlorn
a: no special abilities


You were on level 1 of the Dungeon.
You visited 1 branch of the dungeon, and saw 1 of its levels.

You collected 22 gold pieces.

Inventory:

Hand Weapons
 a - a +0 club
 f - a +0 mace (weapon)
Armour
 b - a +0 leather armour (worn)
 i - a +0 tower shield
Jewellery
 h - a ring of resist corrosion (left hand)
 m - a ring of see invisible
Wands
 c - a wand of flame (15) (quivered)
 d - a wand of charming (15)
Scrolls
 g - a scroll of magic mapping {unknown}
 j - a scroll of noise {unknown}
 k - a scroll of vulnerability {unknown}
Potions
 l - 2 potions of haste {unknown}
Miscellaneous
 e - a piece from Xom's chessboard (15/15)


   Skills:
 + Level 0.9 Fighting
 + Level 0.1 Maces & Flails
 + Level 1.9 Armour
 + Level 1.1 Dodging
 + Level 1.0 Stealth
 + Level 2.9 Evocations


You couldn't memorise any spells.
You didn't know any spells.
Your spell library contained the following spells:

 Spells                   Type           Power      Damage    Failure   Level
 Magic Dart               Conj           0%         1d3       36%         1
 Call Imp                 Summ           0%         N/A       52%         2
 Mephitic Cloud           Conj/Pois/Air  0%         N/A       75%         3


Dungeon Overview and Level Annotations

Branches:
Dungeon (1/15)


Innate Abilities, Weirdness & Mutations

Your attributes grow dramatically as you level up.
You have an increased reservoir of magic. (+10% MP)
You shall have no god before yourself.


Message History

The endoplasm hits you but does no damage.
You see here 2 coppery potions.
You sock the endoplasm!
You kill the endoplasm!
Your Dodging skill increases to level 1!
l - 2 coppery potions
Found a runed granite ring.
A frilled lizard comes into view.
A rat comes into view.
Found a runed short sword.
Found a dagger.
Found a faded altar of an unknown god.
You see here a ring of see invisible.
m - a ring of see invisible You barely miss the rat.
The rat bites you but does no damage.
You hit the rat.
You kill the rat!
You see here a rat corpse. 2 kobolds come into view.
The kobold shouts!
You hear a shout!
A kobold comes into view. It is wielding a +0 dagger.
Found a scroll labelled LENA JUKLI IFA.
You closely miss the kobold. The kobold barely misses you. x2
You barely miss the kobold. The kobold closely misses you.
The kobold hits you with a +0 short sword.
The kobold hits you but does no damage.
You closely miss the kobold. The kobold closely misses you.
The kobold hits you but does no damage.
The kobold throws a stone.
The stone barely misses you.
The kobold hits you with a +0 short sword.
You closely miss the kobold. The kobold barely misses you. x2
You barely miss the kobold. The kobold hits you but does no damage.
The kobold closely misses you. The kobold hits you but does no damage.
The kobold closely misses you. The kobold hits you but does no damage.
The kobold hits you but does no damage.
The kobold throws a stone.
The stone barely misses you.
You closely miss the kobold.
The kobold hits you with a +0 short sword.
The kobold barely misses you.
The kobold hits you with a +0 short sword.
You die...

.##..#.######....#.........
...............####..###...
##....#######.## #..###...
....## #.. #........ ......
##. ##...####. ###..#.
#.###....# #..#.†...#
##.KK..#.# #..@#..#...
#..###...##.# #..# .....#.#
...# ?.)...# . ....
..._..... .# .......###.
......... . ####.......


You could see 2 kobolds.

Vanquished Creatures
  An endoplasm (D:1)
  A goblin (D:1)
  A hobgoblin (D:1)
  2 kobolds (D:1)
  3 rats (D:1)
8 creatures vanquished.

Notes
Turn   | Place    | Note
-------+----------+-------------------------------------------
     0 | D:1      | a11behringer the Demigod Artificer began the quest for the
                  | Orb.
     0 | D:1      | Reached XP level 1. HP: 15/15 MP: 3/3
   135 | D:1      | Reached skill level 1 in Stealth
   386 | D:1      | Reached skill level 1 in Dodging
   416 | D:1      | Slain by a kobold

Illustrated notes

Levels and vault maps discovered:
D:1:      sevenhm_arrival_forest_fort_large_2, layout_rooms,
          ebering_ecumenical_altar_sacrificial

Skill      XL: |  1 |
---------------+----+-----
Stealth        | 1 |  1.0
Dodging        | 1 |  1.1
Fighting       | |  0.9
Maces & Flails | |  0.1
Armour         | |  1.9
Evocations     | |  2.9

Action                   || total
-------------------------++-------
Melee: Mace              ||    29
 Stab: Sleeping          ||     1
Armor: Leather armour    ||    10
Dodge: Dodged            ||    29
